 Dungeon Crawl Stone Soup version 0.30-a0-919-g9323dee000 (webtiles) character file.

Game seed: 7263480838172777299

429 MacCMillion the Cleaver (level 6, -1/51 HPs)
             Began as a Minotaur Fighter on Mar 21, 2023.
             Slain by an ogre
             ... wielding a +0 giant club
              (11 damage)
             ... on level 5 of the Dungeon.
             The game lasted 00:05:57 (4173 turns).

MacCMillion the Cleaver (Minotaur Fighter)          Turns: 4173, Time: 00:05:57

Health: -1/51      AC:  9    Str: 23    XL:     6   Next: 66%
Magic:  5/5        EV:  7    Int:  5    God:
Gold:   153        SH:  4    Dex:  9    Spells: 5/5 levels left

rFire   . . .      SeeInvis .    a - +0 war axe
rCold   . . .      Faith    .    c - +0 buckler
rNeg    . . .      Spirit   .    e - +0 chain mail
rPois   .          Reflect  .    (helmet restricted)
rElec   .          Rampage  .    (no cloak)
rCorr   .                        (no gloves)
Will    .....                    (no boots) Stlth
                                 (no amulet)
HPRegen 0.28/turn                (no ring)
MPRegen 0.09/turn                (no ring)

@: no status effects
A: horns 2, retaliatory headbutt
a: no special abilities


You were on level 5 of the Dungeon.
You visited 1 branch of the dungeon, and saw 5 of its levels.

You collected 153 gold pieces.

Inventory:

Hand Weapons
 a - a +0 war axe (weapon)
Armour
 c - a +0 buckler (worn)
 e - a +0 chain mail (worn)
 h - a +0 kite shield
Jewellery
 m - a ring of ice
Scrolls
 b - a scroll of immolation {unknown}
 f - 4 scrolls of identify {unknown}
 g - a scroll of fear {unknown}
 l - a scroll of amnesia {unknown}
 n - 2 scrolls of teleportation {unknown}
 o - a scroll of fog {unknown}
 q - a scroll of magic mapping {unknown}
 r - a scroll of enchant weapon {unknown}
Potions
 d - a potion of might
 i - a potion of mutation {unknown}
 j - a potion of resistance {unknown}
 k - 3 potions of curing {unknown}
 p - 2 potions of lignification {unknown}
 s - a potion of degeneration {unknown}


   Skills:
 - Level 3.6 Fighting
 + Level 8.0 Axes
 - Level 3.7 Armour
 - Level 5.0 Shields


You had 5 spell levels left.
You didn't know any spells.
Your spell library was empty.

Dungeon Overview and Level Annotations

Branches:
Dungeon (5/15)
 Temple: D:4-7

Altars:
Ru

Shops:
D:3 [


Innate Abilities, Weirdness & Mutations

You have a pair of horns on your head.
You reflexively headbutt those who attack you in melee.


Message History

You kill the orc wizard!
No target in view!
You open the door.
Found a stone staircase leading down.
There is an open door here.
A centaur comes into view.
The centaur shouts!
An ogre comes into view. It is wielding a +0 giant club.
The centaur wields a +0 shortbow.
The centaur shoots an arrow.
The arrow hits you!
There is an open door here.
You start resting.
A centaur is nearby!
The centaur unwields a +0 shortbow.
The centaur hits you but does no damage.
The centaur kicks you but does no damage.
You slash the centaur! You headbutt the centaur!
The centaur is almost dead.
The centaur hits you.
The centaur kicks you but does no damage.
The centaur misses you. You furiously retaliate!
You headbutt the centaur!
You kill the centaur!
Your Axes skill increases to level 8!
You slash the ogre!
The ogre is moderately wounded.
The ogre hits you with a +0 giant club!
You completely miss the ogre.
The ogre is moderately wounded.
You slash the ogre!
The ogre is heavily wounded.
The ogre closely misses you.
You barely miss the ogre.
The ogre is heavily wounded.
The ogre hits you with a +0 giant club!!
* * * LOW HITPOINT WARNING * * *
You are too injured to fight recklessly!
You hit the ogre but do no damage. You headbutt the ogre!
The ogre is almost dead.
The ogre hits you with a +0 giant club!
You die...

......####### .
#.O...#.....# ..
#.....#.....#
...##.....#.....#
.......>..#..)..#
..........#.....#
...c......#..<..#
...######O#.....#
#....@....<..#
#............#
#............+
#............#
#............#
######+#######


You could see an ogre.

Vanquished Creatures
  A centaur (D:5)
  A jelly (D:4)
  An orc priest (D:4)
  A gnoll bouda (D:3)
  4 orc wizards
  5 gnolls
  An adder (D:2)
  A worm (D:3)
  A dart slug (D:2)
  11 orcs
  5 ball pythons
  4 endoplasms
  3 giant cockroaches
  11 hobgoblins
  6 jackals
  6 kobolds
  6 quokkas
  4 bats
  5 frilled lizards
  8 goblins
  10 rats
95 creatures vanquished.

Notes
Turn   | Place    | Note
-------+----------+-------------------------------------------
     0 | D:1      | MacCMillion the Minotaur Fighter began the quest for the
                  | Orb.
     0 | D:1      | Reached XP level 1. HP: 19/19 MP: 0/0
   473 | D:1      | Reached XP level 2. HP: 26/26 MP: 1/1
   490 | D:1      | Reached skill level 3 in Axes
   991 | D:2      | Reached XP level 3. HP: 31/31 MP: 2/2
  1105 | D:2      | Identified the +2 sling of Disorder {flame, rPois Str+7
                  | Dex-5 SInv}
  1191 | D:2      | Reached skill level 4 in Axes
  1191 | D:2      | Reached XP level 4. HP: 39/39 MP: 3/3
  1440 | D:2      | Reached skill level 5 in Shields
  1869 | D:3      | Found a sacrificial altar of Ru.
  2237 | D:3      | Found Koof's Armour Emporium.
  2341 | D:4      | Reached skill level 5 in Axes
  2341 | D:4      | Reached XP level 5. HP: 42/45 MP: 4/4
  2541 | D:3      | Reached skill level 6 in Axes
  3099 | D:4      | Reached XP level 6. HP: 10/51 MP: 5/5
  3439 | D:4      | Reached skill level 7 in Axes
  3879 | D:5      | Entered Level 5 of the Dungeon
  4169 | D:5      | Reached skill level 8 in Axes
  4173 | D:5      | Slain by an ogre

Illustrated notes

Levels and vault maps discovered:
D:1:      nagdon_arrival_double_spiral, layout_basic
D:2:      layout_loops_ring
D:3:      layout_loops_ring, old_standard_altar, serial_shops,
          nicolae_shop_competitors_out_of_business,
          nicolae_kite_square_tiling_tiny
D:4:      layout_loops_corners, roderic_lattice_a
D:5:      layout_gridville, uniq_grinder

Skill      XL: |  1  2  3  4  5  6 |
---------------+-------------------+-----
Shields        | 4 5 |  5.0
Axes           | 3 4 5 6 8 |  8.0
Fighting       | |  3.6
Armour         | |  3.7

Action                     |  1- 3 |  4- 6 || total
---------------------------+-------+-------++-------
  Melee: War axe           |    66 |   142 ||   208
         Headbutt          |     5 |    24 ||    29
 Armour: Chain mail        |    37 |    66 ||   103
  Dodge: Dodged            |    24 |    38 ||    62
  Block: Buckler           |     8 |    26 ||    34

Table legend: (Time is in decaauts)
 A = Elapsed time spent in this place.
 B = Non-inter-level travel time spent in this place.
 C = Inter-level travel time spent in this place.
 D = Time resting spent in this place.
 E = Time spent auto-exploring this place.
 F = Levels seen in this place.
 G = Mean time per level.
                   A        B        C        D        E       F      G
               +--------+--------+--------+--------+--------+-----+--------+
         Total |   4235 |   4122 |    113 |    948 |   2425 |   5 |  847.0 |
       Dungeon |   4235 |   4122 |    113 |    948 |   2425 |   5 |  847.0 |
               +--------+--------+--------+--------+--------+-----+--------+

Top non-repeatable levels by time:
     D:4: 1465 daAuts
     D:3: 948 daAuts
     D:1: 910 daAuts
     D:2: 874 daAuts
     D:5: 37 daAuts
